 Dungeon Crawl Stone Soup version 0.20.0-15-g7f486f2 (webtiles) character file.

53 grindst0ne the Shooter (level 3, -1/31 HPs)
             Began as a Centaur Hunter on June 12, 2017.
             Killed from afar by Sigmund (9 damage)
             ... with a puff of flame
             ... on level 3 of the Dungeon.
             The game lasted 00:03:40 (1742 turns).

grindst0ne the Shooter (Centaur Hunter)             Turns: 1742, Time: 00:03:40

Health: -1/31      AC:  4    Str: 14    XL:     3   Next: 64%
Magic:  3/3        EV:  9    Int: 10    God:
Gold:   134        SH:  0    Dex: 10    Spells: 2/2 levels left

rFire    . . .     SeeInvis .   a - +1 shortbow
rCold    . . .     Gourm    .   (shield currently unavailable)
rNeg     . . .     Faith    .   c - +0 leather armour
rPois    .         Spirit   .   (no helmet)
rElec    .         Reflect  .   (no cloak)
rCorr    .         Harm     .   (no gloves)
MR       .....                  (no barding)
Stlth    ..........             (no amulet)
Regen    0.1/turn               (no ring)
MPRegen  0.1/turn               (no ring)

@: confused, very quick
A: hooves 3, deformed body, speed 2, tough skin 3
a: no special abilities


You were on level 3 of the Dungeon.
You were not hungry.

You visited 1 branch of the dungeon, and saw 3 of its levels.

You collected 134 gold pieces.

Inventory:

Hand Weapons
 a - a +1 shortbow (weapon)
 b - a +3 short sword
Missiles
 d - 56 arrows (quivered)
Armour
 c - a +0 leather armour (worn)
Jewellery
 k - an uncursed ring of protection from magic {unknown}
Scrolls
 e - 3 scrolls of magic mapping {unknown}
 g - 2 scrolls of remove curse {unknown}
 h - 3 scrolls of identify {unknown}
 m - a scroll of blinking {unknown}
 q - 2 scrolls of teleportation {unknown}
 s - a scroll of enchant weapon {unknown}
 u - a scroll of enchant armour {unknown}
 v - a scroll of immolation {unknown}
Potions
 l - 2 potions of flight {unknown}
 n - a potion of brilliance {unknown}
 o - 2 potions of mutation {unknown}
 p - 2 potions of lignification {unknown}
 r - a potion of might {unknown}
 t - a potion of curing {unknown}
Comestibles
 f - 2 bread rations
 i - 5 chunks of flesh
 j - a fruit


   Skills:
 + Level 3.2 Fighting
 + Level 6.2 Bows
 - Level 1.3 Dodging
 - Level 0.4 Stealth


You had 2 spell levels left.
You didn't know any spells.

Dungeon Overview and Level Annotations

Branches:
Dungeon (3/15)

Altars:
Qazlal

Annotations:
D:3 Sigmund


Innate Abilities, Weirdness & Mutations

You have hooves in place of feet.
Armour fits poorly on your strangely shaped body.
You cover ground very quickly.
You have extremely tough skin. (AC +3)


Message History

Sigmund hits you but does no damage.
Sigmund screams, "Don't try to resist!"
Firing (i - inventory):
d - 57 arrows (quivered)
Press: ? - help, Shift-Dir - straight line, f/p - Sigmund
Aim: Sigmund, wielding a scythe and wearing a robe (lightly wounded, fast)
You shoot an arrow. The arrow closely misses Sigmund.
Sigmund hits you from afar with a scythe!
* * * LOW HITPOINT WARNING * * *
You see here a hobgoblin skeleton.
Sigmund gestures wildly while chanting.
Sigmund flickers and vanishes!
Deactivating autopickup; reactivate with Ctrl-A.
You are confused.
You bump into the rock wall.
You bump into the rock wall.
Something hits you.
* * * LOW HITPOINT WARNING * * *
You hear some strange, mumbled words.
A puff of flame appears from out of thin air!
The puff of flame hits you!
You die...

#### #.. #.#
###.### #.....#
#.....### #.......#
#################
#.....#.#
#..{.รท....(....(#
##...<.#.#
#@###.######(##.#
#........#
###.###.# .(.
#.######.#
#.....#.# ..... #.#
##.####.>...#.#
...... #.#
#....(........#
#..... #>#
#..####.....###
.....
#(#####...........#
##.##
#..)......#########
#######...#


There were no monsters in sight!

Vanquished Creatures
  3 leopard geckos (D:1)
  8 bats
  A giant cockroach (D:1)
  4 goblins
  6 hobgoblins
  11 kobolds
  2 quokkas
  3 frilled lizards
  6 rats
44 creatures vanquished.

Notes
Turn   | Place    | Note
-------+----------+-------------------------------------------
     0 | D:1      | grindst0ne the Centaur Hunter began the quest for the Orb.
     0 | D:1      | Reached XP level 1. HP: 17/17 MP: 1/1
    61 | D:1      | Reached XP level 2. HP: 3/25 MP: 2/2
   773 | D:1      | Reached XP level 3. HP: 31/31 MP: 3/3
   955 | D:2      | Reached skill level 6 in Bows
  1213 | D:2      | Found a stormy altar of Qazlal.
  1719 | D:3      | Noticed Sigmund
  1742 | D:3      | Killed from afar by Sigmund

Skill      XL: |  1  2  3 |
---------------+----------+-----
Fighting       | 3 |  3.2
Bows           | 6 |  6.2
Dodging        | |  1.3
Stealth        | |  0.4

Action                   || total
-------------------------++-------
Melee: Short sword       ||    37
       Kick              ||     9
       Dagger            ||    30
 Fire: Shortbow          ||    59
  Eat: Chunk             ||     1
Armor: Leather armour    ||    31
Dodge: Dodged            ||    57
